 Dungeon Crawl Stone Soup version 0.20.1-1-g8b1a95d (webtiles) character file.

131 Jannitor the Sneak (level 5, 0/28 HPs)
             Began as a Vine Stalker Assassin on Aug 24, 2017.
             Killed by divine providence
             ... invoked by an orc priest
              (8 damage)
             ... on level 3 of the Dungeon.
             The game lasted 00:04:00 (2542 turns).

Jannitor the Sneak (Vine Stalker Assassin)          Turns: 2542, Time: 00:04:01

Health: 0/28       AC:  1    Str: 13    XL:     5   Next: 14%
Magic:  0/6        EV: 12    Int: 11    God:
Gold:   95         SH:  0    Dex: 17    Spells: 4/4 levels left

rFire    . . .     SeeInvis .   p - +1 dagger (speed)
rCold    . . .     Gourm    .   (no shield)
rNeg     + . .     Faith    .   h - -2 leather armour (curse)
rPois    +         Spirit   +   (no helmet)
rElec    .         Reflect  .   k - scarf {repulsion}
rCorr    .         Harm     .   (no gloves)
MR       .....                  (no boots)
Stlth    +++.......             (no amulet)
Regen    0.5/turn               j - ring of poison resistance
MPRegen  0.1/turn               o - ring of positive energy

@: repel missiles
A: fangs 2, regeneration 1, magic shield, antimagic bite, no potion heal 3, rot
immunity
a: no special abilities


You were on level 3 of the Dungeon.
You were not hungry.

You visited 1 branch of the dungeon, and saw 3 of its levels.

You collected 95 gold pieces.

Inventory:

Hand Weapons
 a - a +2 dagger
 b - a +0 blowgun
 p - a +1 dagger of speed (weapon)
Missiles
 e - 8 poisoned needles
 f - 2 curare-tipped needles
Armour
 c - a +0 robe
 d - a +0 cloak
 h - a cursed -2 leather armour (worn)
 k - a scarf of repulsion (worn)
Jewellery
 j - a ring of poison resistance (left hand)
 o - a ring of positive energy (right hand)
Scrolls
 m - a scroll of identify
Potions
 i - a potion of heal wounds {unknown}
 l - 2 potions of curing {unknown}
 n - a potion of agility {unknown}
Comestibles
 g - 4 bread rations


   Skills:
 + Level 2.9 Fighting
 + Level 2.5 Short Blades
 - Level 1.7 Throwing
 + Level 2.0 Dodging
 + Level 5.8 Stealth


You had 4 spell levels left.
You didn't know any spells.

Dungeon Overview and Level Annotations

Branches:
Dungeon (3/15)

Altars:
Dithmenos
Okawaru
Yredelemnul


Innate Abilities, Weirdness & Mutations

You have extremely sharp teeth.
Your natural rate of healing is unusually fast.
When hurt, damage is shared between your health and your magic reserves.
Your bite disrupts and absorbs the magic of your enemies.
Potions cannot restore your health.
You are immune to rotting.


Message History

The orc wizard is lightly wounded.
The orc priest mumbles some strange prayers to Beogh against you.
Beogh smites you!
Ouch! That really hurt!
The orc wizard casts a spell at you. The magic dart hits you!
* * * LOW HITPOINT WARNING * * *
Unknown command.
Okay, then.
Unknown command.
You hit the orc. You bite the orc. You drain its power.
You feel invigorated.
You kill the orc!
The orc wizard shouts!
The orc wizard falters for a moment.
The orc wizard mumbles some strange words.
The orc wizard flickers and vanishes!
Deactivating autopickup; reactivate with Ctrl-A.
The orc priest invokes the aid of Beogh against you.
Beogh smites you!
You die...

#... ..# ##...... .#
#...##.##.##
#######...#...#..#
#................#
#####........{.._....#
.....................#
..............#o..#..#
.......?......##@##.#
..........)........!#
.....†........#...###
#....†.############
..>....# .....###
....###########
..............#
..#..#######.##


You could see an orc priest.

Vanquished Creatures
  5 adders
  2 worms (D:2)
  2 dart slugs
  3 leopard geckos
  2 orcs (D:3)
  11 bats
  3 giant cockroaches
  7 goblins
  10 hobgoblins
  3 jackals (D:2)
  9 kobolds
  A quokka (D:2)
  A ball python (D:2)
  4 frilled lizards
  6 rats
69 creatures vanquished.

Notes
Turn   | Place    | Note
-------+----------+-------------------------------------------
     0 | D:1      | Jannitor the Vine Stalker Assassin began the quest for the Orb.
     0 | D:1      | Reached XP level 1. HP: 11/11 MP: 2/2
   225 | D:1      | Reached skill level 1 in Dodging
   231 | D:1      | Reached XP level 2. HP: 15/15 MP: 3/3
   579 | D:1      | Reached skill level 5 in Stealth
   695 | D:1      | Reached XP level 3. HP: 15/19 MP: 2/4
  1246 | D:2      | Gained mutation: Your natural rate of healing is unusually fast. [Vine Stalker growth]
  1246 | D:2      | Reached XP level 4. HP: 12/23 MP: 2/5
  2278 | D:3      | Found a basalt altar of Yredelemnul.
  2291 | D:3      | Found a shadowy altar of Dithmenos.
  2457 | D:3      | Reached XP level 5. HP: 23/28 MP: 4/6
  2517 | D:3      | Found an iron altar of Okawaru.
  2542 | D:3      | Killed from afar by an orc priest

Skill      XL: |  1  2  3  4  5 |
---------------+----------------+-----
Dodging        | 1 2 |  2.0
Fighting       | 2 |  2.9
Short Blades   | 2 |  2.5
Stealth        | 5 |  5.8
Throwing       | |  1.7

Action                   |  1- 3 |  4- 6 || total
-------------------------+-------+-------++-------
Melee: Dagger            |    96 |   113 ||   209
       Bite              |    21 |    37 ||    58
  Use: Scroll            |       |     3 ||     3
 Stab: Sleeping          |     6 |     8 ||    14
  Eat: Chunk             |     1 |     4 ||     5
Armor: Robe              |    19 |       ||    19
       Leather armour    |       |    15 ||    15
Dodge: Dodged            |    47 |    69 ||   116
